 Dungeon Crawl Stone Soup version 0.27.1 (webtiles) character file.

Game seed: 1847940028745606749

9 Malachi the Ruffian (level 2, 24/24 HPs)
             Began as a Ghoul Gladiator on Aug 21, 2021.
             Safely got out of the dungeon.
             The game lasted 00:00:13 (110 turns).

Malachi the Ruffian (Ghoul Gladiator)                Turns: 110, Time: 00:00:14

Health: 24/24      AC:  4    Str: 17    XL:     2   Next: 12%
Magic:  1/1        EV: 12    Int:  3    God:
Gold:   0          SH:  0    Dex: 10    Spells: 1/1 levels left

rFire    . . .     SeeInvis .     - Unarmed
rCold    + . .     Faith    .   (no shield)
rNeg     + + +     Spirit   .   a - +0 leather armour
rPois    ∞         Reflect  .   b - +0 helmet
rElec    .         Harm     .   (no cloak)
rCorr    .         Rampage  .   (no gloves)
Will     .....                  (no boots)
Stlth    +.........             (no amulet)
HPRegen  0.08/turn              (no ring)
MPRegen  0.07/turn              (no ring)

@: no status effects
A: claws 1, cold resistance 1, negative energy resistance 3, inhibited
regeneration, torment resistance 2
a: no special abilities


You escaped.
You visited 1 branch of the dungeon, and saw 1 of its levels.

Inventory:

Missiles
 c - 3 throwing nets (quivered)
Armour
 a - a +0 leather armour (worn)
 b - a +0 helmet (worn)


   Skills:
 + Level 2.3 Fighting
 + Level 1.8 Throwing
 + Level 2.9 Dodging
 + Level 3.6 Unarmed Combat


You had one spell level left.
You didn't know any spells.
Your spell library was empty.

Dungeon Overview and Level Annotations

Branches:
Dungeon (1/15)

Altars:


Innate Abilities, Weirdness & Mutations

You thrive by killing the living.
You are immune to poison.
You have sharp fingernails.
Your flesh is cold resistant. (rC+)
You are immune to negative energy. (rN+++)
You do not regenerate when monsters are visible.
You are immune to unholy pain and torment.


Message History

The bat hits you but does no damage. The kobold closely misses you.
You barely miss the kobold.
The kobold is heavily wounded.
The bat hits you but does no damage. The kobold hits you with a +0 club.
You claw the kobold!
You kill the kobold!
You feel better. The bat hits you but does no damage.
You closely miss the goblin. The bat closely misses you.
The goblin barely misses you.
You barely miss the goblin. The bat hits you but does no damage.
The bat barely misses you. The goblin barely misses you.
You miss the goblin. The bat hits you. The goblin closely misses you.
You barely miss the bat. The bat closely misses you.
The goblin closely misses you.
You closely miss the goblin. The goblin barely misses you.
You closely miss the bat. The bat hits you but does no damage.
The goblin misses you.
You scratch the goblin.
You kill the goblin!
The bat closely misses you.
You claw the bat!
You kill the bat!
You feel better.
You see here a +0 club.
The dart slug barely misses you.
You scratch the dart slug.
The dart slug is lightly wounded.
The dart slug closely misses you.
You scratch the dart slug.
The dart slug is heavily wounded.
You claw the dart slug!
You kill the dart slug!
You feel better.
You have reached level 2!
You see here a bat corpse.
You see here a bat corpse.
There is a dry fountain, spattered with blood here.
There is a staircase leading out of the dungeon here.
Are you sure you want to leave the Dungeon?
This will make you lose the game!
You have escaped!

###############.........#
#.......................#
#.......................#
#.............†......†))####
#.......####...##......>....
#.......# #...##.....†#####
#.......#########...........
#.......#⌠...⌠# #######....:
#.......#..@..# .....
#.......#.....# .....
#######.#..>..# .....
#.#⌠...⌠## ..$..
##.######.## ...
#..#######.# #......##.##
#...≈≈..#.# #[..≈≈...##


There were no monsters in sight!

Vanquished Creatures
  A dart slug (D:1)
  A goblin (D:1)
  A kobold (D:1)
  3 bats (D:1)
6 creatures vanquished.

Notes
Turn   | Place    | Note
-------+----------+-------------------------------------------
     0 | D:1      | Malachi the Ghoul Gladiator began the quest for the Orb.
     0 | D:1      | Reached XP level 1. HP: 17/17 MP: 0/0
    71 | D:1      | Reached XP level 2. HP: 24/24 MP: 1/1
   110 | D:$      | Safely got out of the dungeon.

Illustrated notes

Levels and vault maps discovered:
D:1:      amcnicky_arrival_gap_in_the_tavern_cellar, layout_basic,
          hellmonk_ecumenical_altar_inner_sanctum, serial_shops,
          nicolae_shop_statue_plus, serial_bayou_pond_b

Action                   || total
-------------------------++-------
Melee: Unarmed           ||    24
Armor: Leather armour    ||    11
Dodge: Dodged            ||    28
